 Dungeon Crawl Stone Soup version 0.30-a0-626-gd6a5dd7a1f (webtiles) character file.

Game seed: 14685601652139534470

2460 bmack86 the Fighter (level 9, -3/80 (82) HPs)
             Began as a Minotaur Fighter on Jan 11, 2023.
             Was a Believer of Okawaru.
             Slain by Joseph
             ... wielding a +0 quarterstaff
              (8 damage)
             ... on level 8 of the Dungeon.
             The game lasted 00:18:07 (6652 turns).

bmack86 the Fighter (Minotaur Fighter)              Turns: 6652, Time: 00:18:08

HP:   -3/80 (82)    AC: 15    Str: 25    XL:     9   Next: 26%
MP:   9/9           EV:  6    Int:  5    God:    Okawaru [**....]
Gold: 339           SH:  5    Dex: 10    Spells: 8/8 levels left

rFire   . . .      SeeInvis .    a - +4 war axe (flame)
rCold   . . .      Faith    .    c - +0 buckler
rNeg    . . .      Spirit   .    u - +0 plate armour
rPois   .          Reflect  .    (helmet restricted)
rElec   .          Harm     .    (no cloak)
rCorr   .          Rampage  .    g - +1 pair of gloves
Will    +....                    (no boots) Stlth
                                 (no amulet)
HPRegen 0.33/turn                h - ring of willpower
MPRegen 0.11/turn                (no ring)

@: lightly drained
A: horns 2, retaliatory headbutt
a: Renounce Religion, Heroism


You were on level 8 of the Dungeon.
You worshipped Okawaru.
Okawaru was pleased with you.
You visited 2 branches of the dungeon, and saw 9 of its levels.

You collected 339 gold pieces.

Inventory:

Hand Weapons
 a - a +4 war axe of flaming (weapon)
 j - a +0 war axe
 x - a +2 battleaxe
Missiles
 b - 3 boomerangs (quivered)
 e - 9 javelins
Armour
 c - a +0 buckler (worn)
 g - a +1 pair of gloves (worn)
 n - a +0 tower shield
 u - a +0 plate armour (worn)
Jewellery
 h - a ring of willpower (left hand)
Wands
 i - a wand of polymorph (9)
 w - a wand of light (7)
Scrolls
 o - a scroll of poison {unknown}
 p - 2 scrolls of amnesia
 q - a scroll of magic mapping {unknown}
 r - 2 scrolls of teleportation
Potions
 d - a potion of might
 f - 2 potions of flight
 k - a potion of haste
 l - a potion of curing
 m - a potion of resistance {unknown}
 s - 2 potions of brilliance
 t - a potion of mutation {unknown}
 v - 2 potions of heal wounds


   Skills:
 * Level 8.7 Fighting
 * Level 8.1 Axes
 + Level 4.1 Throwing
 + Level 6.6 Armour
 + Level 6.6 Shields
 + Level 2.6 Invocations


You had 8 spell levels left.
You didn't know any spells.
Your spell library contained the following spells:

 Spells                   Type           Power      Damage    Failure   Level
 Beastly Appendage        Tmut           0%         N/A       100%        1
 Kiss of Death            Conj/Necr      0%         2d5       100%        1
 Static Discharge         Conj/Air       0%         2-2/arc   100%        2
 Wereblood                Tmut           0%         N/A       100%        2
 Confusing Touch          Hex            0%         N/A       100%        3
 Gell's Gravitas          Tloc           0%         N/A       100%        3
 Lesser Beckoning         Tloc           0%         N/A       100%        3
 Spider Form              Tmut/Pois      0%         N/A       100%        3
 Teleport Other           Tloc           0%         N/A       100%        3
 Vhi's Electric Charge    Tloc/Air       0%         N/A       100%        3
 Dispel Undead            Necr           0%         3d6       100%        4
 Arcjolt                  Conj/Air       0%         1d10      100%        5
 Lightning Bolt           Conj/Air       0%         1d11      100%        5
 Maxwell's Capacitive Co  Air            0%         ∞         100%        8


Dungeon Overview and Level Annotations

Branches:
Dungeon (8/15)             Temple (1/1) D:6
   Lair: D:8-11

Altars:
Ashenzari
Cheibriados
Dithmenos
Elyvilon
Fedhas
Gozag
Hepliaklqana
Kikubaaqudgha
Nemelex Xobeh
Okawaru
Qazlal
Ru
Sif Muna
Trog
Uskayaw
Vehumet
Wu Jian
Xom
Yredelemnul
The Shining One

Shops:
D:5 *

Annotations:
D:3 1 runed translucent door, Crazy Yiuf
D:8 Joseph


Innate Abilities, Weirdness & Mutations

You have a pair of horns on your head.
You reflexively headbutt those who attack you in melee.


Message History

Joseph shoots a sling bullet.
The sling bullet hits you! The sling bullet burns you.
You block the wight's attack.
You hit the wight but do no damage. The wight hits you but does no damage.
Joseph shoots a sling bullet.
You block the sling bullet.
You slash the wight! You burn the wight. Your headbutt misses the wight.
The wight is severely damaged.
The wight barely misses you.
Joseph shoots a sling bullet.
The sling bullet hits you. The sling bullet burns you.
The wight hits you but does no damage.
Joseph shoots a sling bullet.
The sling bullet completely misses you.
A steam dragon comes into view.
Joseph shoots a sling bullet.
The sling bullet hits you! The sling bullet burns you.
The steam dragon hisses angrily.
You see here a scroll of vulnerability.
The wight attacks as you move away!
The wight hits you with a +4 long sword!
You feel drained.
Joseph shoots a sling bullet.
The sling bullet hits you! The sling bullet burns you.
The wight attacks as you move away!
The wight hits you with a +4 long sword!
* * * LOW HITPOINT WARNING * * *
You feel drained.
* * * LOW HITPOINT WARNING * * *
Joseph unwields a +3 sling of flaming.
It stops flaming.
Joseph wields a +0 quarterstaff.
Joseph hits you with a +0 quarterstaff.
* * * LOW HITPOINT WARNING * * *
You slash Joseph! You burn Joseph. You headbutt Joseph, but do no damage.
Joseph is moderately wounded.
You closely miss the wight. The wight barely misses you.
You furiously retaliate!
You headbutt the wight!
You destroy the wight!
Okawaru accepts your kill. Joseph hits you with a +0 quarterstaff!
* * * LOW HITPOINT WARNING * * *
You slash Joseph! You burn Joseph.
Joseph is heavily wounded.
Joseph hits you with a +0 quarterstaff!
You die...

#?<.# ##..#....#..D
##...##.......
#....#.......
###.........D. .#
##...........# ..#
.............### ...#
...............##...#
..........?)@@......#
.......<.............
#.###.†............#
##.......<....##
#...............#
#...............#
.........!.####...
..#.####..## ...
#.##. #.## .


You could see Joseph and a steam dragon.

Vanquished Creatures
  A deep elf pyromancer (D:7)
  A water moccasin (D:7)
  2 ice beasts (D:5)
  An orc warrior (D:7)
  A black bear (D:7)
  2 sky beasts (D:7)
  2 ogres (D:6)
  A bullfrog (D:7)
  A necrophage (D:5)
  3 scorpions
  2 wights
  4 howler monkeys (D:7)
  A jelly (D:6)
  3 iguanas
  2 orc priests
  2 hounds
  5 orc wizards
  Jessica (D:3)
  5 gnolls
  8 adders
  A shadow imp (D:5)
  2 white imps
  2 dart slugs
  30 orcs
  6 ball pythons
  7 bats
  6 endoplasms
  3 giant cockroaches
  11 goblins
  6 hobgoblins
  2 jackals (D:3)
  10 kobolds
  8 quokkas
  5 frilled lizards
  5 rats
152 creatures vanquished.

Vanquished Creatures (collateral kills)
  A ball python (D:3)
1 creature vanquished.

Vanquished Creatures (others)
  A howler monkey (D:8)
  28 plants
29 creatures vanquished.

Grand Total: 182 creatures vanquished

Notes
Turn   | Place    | Note
-------+----------+-------------------------------------------
     0 | D:1      | bmack86 the Minotaur Fighter began the quest for the Orb.
     0 | D:1      | Reached XP level 1. HP: 19/19 MP: 0/0
    50 | D:1      | Reached XP level 2. HP: 23/27 MP: 1/1
   441 | D:1      | Reached XP level 3. HP: 33/33 MP: 2/2
  1079 | D:2      | Identified the +8 sling of Sudden Death {heavy, rPois rN+
                  | Str-2}
  1172 | D:2      | Reached XP level 4. HP: 41/41 MP: 3/3
  1496 | D:3      | Found a snail-covered altar of Cheibriados.
  1511 | D:3      | Noticed Jessica
  1519 | D:3      | Killed Jessica
  1547 | D:3      | Reached skill level 1 in Throwing
  1552 | D:3      | Reached XP level 5. HP: 41/47 MP: 4/4
  1615 | D:3      | Found a shimmering altar of Xom.
  1615 | D:3      | Found a shadowy altar of Dithmenos.
  1723 | D:3      | Found a runed translucent door.
  1724 | D:3      | Noticed Crazy Yiuf
  2378 | D:4      | Found a blossoming altar of Fedhas.
  2444 | D:4      | Found a glowing golden altar of the Shining One.
  2493 | D:4      | Reached skill level 5 in Fighting
  2603 | D:4      | Found a shimmering blue altar of Sif Muna.
  2678 | D:4      | Reached XP level 6. HP: 56/56 MP: 5/5
  3051 | D:5      | Entered Level 5 of the Dungeon
  3228 | D:5      | Noticed an ice beast
  3237 | D:5      | Killed an ice beast
  3238 | D:5      | Reached skill level 5 in Axes
  3238 | D:5      | Reached skill level 5 in Armour
  3363 | D:5      | Reached XP level 7. HP: 58/62 MP: 6/6
  3366 | D:5      | Reached skill level 5 in Shields
  3736 | D:5      | Found Inuimn's Assorted Antiques.
  4259 | D:6      | Found a hide-covered altar of Uskayaw.
  4314 | D:6      | Found a sacrificial altar of Ru.
  4354 | D:6      | Found a staircase to the Ecumenical Temple.
  4391 | Temple   | Entered the Ecumenical Temple
  4446 | Temple   | Became a worshipper of Warmaster Okawaru
  4734 | D:6      | Reached XP level 8. HP: 9/73 MP: 7/7
  5245 | D:7      | Found an opulent altar of Gozag.
  5514 | D:7      | Reached skill level 1 in Invocations
  6051 | D:7      | Reached * piety under Okawaru
  6212 | D:8      | Noticed a deep elf pyromancer
  6213 | D:8      | Noticed Joseph
  6320 | D:7      | Killed a deep elf pyromancer
  6321 | D:7      | Reached XP level 9. HP: 20/82 MP: 9/9
  6651 | D:8      | Reached ** piety under Okawaru
  6652 | D:8      | Slain by Joseph

Illustrated notes

Levels and vault maps discovered:
D:1:      lightli_arrival_flooded_house, layout_basic
D:2:      layout_basic, st_stairs_14
D:3:      layout_basic, grunt_temple_overflow_open,
          mainiacjoe_overflow_boulevard, minmay_misc_feat_iff,
          uniq_crazy_yiuf_cottage, uniq_jessica
D:4:      layout_cave_pools, nicolae_overflow_crystal_walls,
          mainiacjoe_overflow_catch_the_wave, serial_glass, glass_columns_c,
          glass_columns_b, glass_columns_a, kennysheep_minor_cross,
          hangedman_decor_lopped, minmay_liquid_box
D:5:      corexii_shack_village, layout_loops_corners, serial_shops,
          nicolae_stop_n_shop_1
D:6:      layout_basic, nicolae_uskayaw_murder_on_the_dancefloor,
          mainiacjoe_overflow_six_doors_small, temple_pool_b
D:7:      layout_cave_pods, nicolae_gozag_seed_capital
D:8:      layout_cave_pools, zin_academy,
          mainiacjoe_overflow_concentric_impassable, dpeg_lair_monsters,
          uniq_joseph
Temple:   jpeg_temple_clearing

Skill      XL: |  1  2  3  4  5  6  7  8  9 |
---------------+----------------------------+-----
Fighting       | 4 5 7 8 |  8.7
Axes           | 3 4 5 6 7 8 |  8.1
Shields        | 4 5 6 |  6.6
Armour         | 4 5 6 |  6.6
Throwing       | 1 2 3 4 |  4.1
Invocations    | 2 |  2.6

Action                   |  1- 3 |  4- 6 |  7- 9 || total
-------------------------+-------+-------+-------++-------
Melee: War axe           |    67 |   119 |   118 ||   304
       Headbutt          |     5 |    20 |    19 ||    44
Throw: Boomerang         |       |    12 |       ||    12
  Use: Scroll            |     4 |    11 |     8 ||    23
Armor: Scale mail        |    40 |       |       ||    40
       Chain mail        |     1 |    97 |    64 ||   162
       Plate armour      |       |       |    25 ||    25
Dodge: Dodged            |    25 |    46 |    43 ||   114
Block: Buckler           |    11 |    38 |    36 ||    85

Table legend: (Time is in decaauts)
 A = Elapsed time spent in this place.
 B = Non-inter-level travel time spent in this place.
 C = Inter-level travel time spent in this place.
 D = Time resting spent in this place.
 E = Time spent auto-exploring this place.
 F = Levels seen in this place.
 G = Mean time per level.
                   A        B        C        D        E       F      G
               +--------+--------+--------+--------+--------+-----+--------+
         Total |   6755 |   6503 |    252 |    605 |   4064 |   9 |  750.6 |
       Dungeon |   6649 |   6409 |    240 |    605 |   3996 |   8 |  831.1 |
        Temple |    106 |     94 |     12 |      0 |     68 |   1 |  106.0 |
               +--------+--------+--------+--------+--------+-----+--------+

Top non-repeatable levels by time:
     D:7: 1399 daAuts
     D:5: 1091 daAuts
     D:6: 1021 daAuts
     D:3: 893 daAuts
     D:1: 891 daAuts
     D:4: 743 daAuts
     D:2: 583 daAuts
  Temple: 106 daAuts
     D:8: 24 daAuts
